 Dungeon Sprint DCSS version 0.21-a0-241-g2cbab09 (webtiles) character file.

114 terra52 the Slasher (level 4, -1/60 HPs)
             Began as a Demonspawn Berserker on Sept 3, 2017.
             Was a Follower of Trog.
             Slain by Sigmund
             ... wielding a +0 scythe
              (5 damage)
             ... in the Dungeon (Sprint I: "Red Sonja").
             The game lasted 00:00:40 (112 turns).

terra52 the Slasher (Demonspawn Berserker)           Turns: 112, Time: 00:00:41

Health: -1/60      AC:  8    Str: 22    XL:     4   Next: 66%
Magic:  4/4        EV: 13    Int:  9    God:    Trog [*.....]
Gold:   0          SH:  0    Dex: 13    Spells: 3/3 levels left

rFire    . . .     SeeInvis .   a - +0 falchion
rCold    . . .     Gourm    .   (no shield)
rNeg     . . .     Faith    .   b - +0 animal skin
rPois    .         Spirit   .   (helmet restricted)
rElec    .         Reflect  .   (no cloak)
rCorr    .         Harm     .   (no gloves)
MR       .....     NoTele   +   (no boots)
Stlth    ..........             (no amulet)
HPRegen  0.20/turn              (no ring)
MPRegen  0.09/turn              (no ring)

@: berserking (expiring), sanguine armour, very quick
A: antennae 2, sanguine armour 1
a: Berserk, Burn Spellbooks, Renounce Religion


You were in the Dungeon.
You worshipped Trog.
Trog was aware of your devotion.
You were not hungry.

You visited 1 branch

Inventory:

Hand Weapons
 a - a +0 falchion (weapon)
Armour
 b - a +0 animal skin (worn)
Scrolls
 i - a scroll of blinking
Potions
 d - a potion of curing
 e - a potion of heal wounds
 f - a potion of haste
 g - 2 potions of magic
 h - a potion of berserk rage
Comestibles
 c - a bread ration


   Skills:
 + Level 5.8 Fighting
 + Level 6.2 Long Blades
 + Level 3.1 Armour
 + Level 3.4 Dodging
 + Level 1.4 Stealth


You had 3 spell levels left.
You didn't know any spells.

Dungeon Overview and Level Annotations

Branches:
Dungeon (1/1)

Altars:

Annotations:
D Sigmund


Innate Abilities, Weirdness & Mutations

You have a pair of antennae on your head.
When seriously injured, your bleeding wounds create armour. (AC +6)


Message History

Sigmund shouts!
Sigmund screams, "You will never...
NEVER!!!"
Sigmund gestures wildly while chanting.
Sigmund flickers and vanishes!
Deactivating autopickup; reactivate with Ctrl-A.
You feel a strong urge to attack something.
You miss something. Something hits you.
* * * LOW HITPOINT WARNING * * *
You miss something. You hit something.
You hear some strange, mumbled words.
A magic dart appears from out of thin air!
The magic dart hits you!
* * * LOW HITPOINT WARNING * * *
You miss something. You slash something! Something hits you!
* * * LOW HITPOINT WARNING * * *
You closely miss something. You barely miss something. Something hits you.
You die...

#############
#<.#.['..#@{+
#..'..#.)'..#
#..#####+####
#..# #..#
#..# #⌠⌠#
####


There were no monsters in sight!

Vanquished Creatures
  An ogre (D)
  Ijyb (D)
2 creatures vanquished.

Vanquished Creatures (others)
  A gargoyle (D)
1 creature vanquished.

Grand Total: 3 creatures vanquished

Notes
Turn   | Place    | Note
-------+----------+-------------------------------------------
     0 | D        | terra52 the Demonspawn Berserker began the quest for the Orb.
     0 | D        | Reached XP level 1. HP: 18/18 MP: 1/1
     2 | D        | Noticed Ijyb
     9 | D        | Killed Ijyb
     9 | D        | Reached skill level 4 in Long Blades
     9 | D        | Reached skill level 1 in Stealth
     9 | D        | Gained mutation: When seriously injured, your bleeding wounds create armour. (AC +6) [demonic ancestry]
     9 | D        | Reached XP level 2. HP: 25/25 MP: 2/2
    53 | D        | Noticed an ogre
    62 | D        | Killed an ogre
    62 | D        | Reached skill level 5 in Fighting
    62 | D        | Reached skill level 6 in Long Blades
    62 | D        | Gained mutation: You have a pair of small antennae on your head. [demonic ancestry]
    62 | D        | Reached XP level 3. HP: 7/34 MP: 3/3
    62 | D        | Gained mutation: You have a pair of antennae on your head. [demonic ancestry]
    62 | D        | Reached XP level 4. HP: 9/40 MP: 4/4
    63 | D        | Killed a gargoyle
   103 | D        | Noticed Sigmund
   112 | D        | Slain by Sigmund

Vault maps used:
D:        dungeon_sprint_1

Skill      XL: |  1  2 |
---------------+-------+-----
Fighting       | 4 5 |  5.8
Long Blades    | 4 6 |  6.2
Armour         | 2 3 |  3.1
Dodging        | 2 3 |  3.4
Stealth        | 1 |  1.4

Action                   |  1- 3 |  4- 6 || total
-------------------------+-------+-------++-------
Melee: Falchion          |    12 |     7 ||    19
Invok: Berserk           |     2 |     1 ||     3
 Stab: Sleeping          |     2 |       ||     2
Armor: Animal skin       |     1 |       ||     1
Dodge: Dodged            |     4 |       ||     4
       Rpst.: Falchion   |     2 |       ||     2

Table legend:
 A = Spawn XP
 B = Non-spawn XP
 C = Spawn XP percentage of total XP
 D = Spawn monster count
 E = Non-spawn monster count
 F = Spawn count percentage of total count
 G = Total turns spent on level
                    A         B        C        D         E        F      G
               +---------+---------+-------+---------+---------+-------+---------
         Total |       0 |     163 |   0.0 |       0 |       2 |   0.0 |   112
               +---------+---------+-------+---------+---------+-------+---------
             D |       0 |     163 |   0.0 |       0 |       2 |   0.0 |   112
               +---------+---------+-------+---------+---------+-------+---------
